woodfighter, chaotic female orcish Cavewoman --------------------------------------------- |..............%...*........................-- |..---------------#-#%-##-##-###[--------....-- --.(.| --- ` #|..--#- |..| ---...| ---.-- ...| |...).---..-- |...| |.@.....- ---.........-- --...| ---S.....| --- |-.........| |...-- ---- ..>...- --.-----------....--....---)..----------..-- [...... |........^.................................| ......--|....------.---..........---..---------...-- ---...| --....---|...|..<.............-- --..| .-- |......--........---..........----- ---- | --...............| --.............-- |.....)......---- --.............-- |.....%.....%| ---.--.........| ---..........- ---|.........| |.....--....| |.........| ---.---|....| --..--.---- --- ---.-- |..|--- --- ---- woodfighter the Young Cave Woman Experience level: 6 Strength: 18 Dexterity: 15 Constitution: 17 Intelligence: 8 Wisdom: 9 Charisma: 8 Health: 0(55) Energy: 24(24) Def: 2 Gold: 327 Moves: 2501 Dungeon seed: 8ezEuxnYGW3Pu-gK Game ID: woodfighter_1474921393 Your Inventory: Coins $ - 327 gold pieces Weapons a - a +1 club (weapon in hand) D - 6 +0 arrows (in quiver) E - a +2 bow named Bow of Truth (alternate weapon; not wielded) V - 13 blessed +1 arrows Armor e - a cursed -1 dwarvish cloak q - a blessed +0 leather armor (being worn) r - an uncursed +0 dwarvish cloak B - a cursed +0 dwarvish cloak G - an uncursed +0 dwarvish iron helm I - an uncursed +0 dwarvish cloak L - an uncursed +2 dwarvish cloak N - a cursed -1 dwarvish cloak T - an uncursed +0 dwarvish cloak X - an uncursed +0 dwarvish cloak Y - a blessed +1 dwarvish cloak Comestibles c - an uncursed cream pie d - 5 uncursed food rations h - 2 uncursed sprigs of wolfsbane k - an uncursed lichen corpse z - an uncursed banana Scrolls m - 2 uncursed scrolls of enchant weapon n - an uncursed scroll of identify s - an uncursed scroll of scare monster v - 2 uncursed scrolls of taming F - an uncursed scroll of light W - an uncursed scroll of fire Spellbooks w - an uncursed spellbook of cure blindness Potions l - a blessed potion of healing o - a cursed potion of booze p - an uncursed potion of healing t - 2 uncursed potions of gain ability u - an uncursed potion of water K - an uncursed potion of invisibility M - an uncursed potion of speed Z - an uncursed potion of gain level Tools j - a cursed magic lamp (lit) A - 8 uncursed tallow candles (0:200) J - a +0 pick-axe U - an uncursed blindfold Spells and supernatural/magical abilities: Name Level Category Fail Memory W - pray for help -- divine ? -- Your skills at the end: Miscellaneous Skills bare handed combat [Basic] Weapon Skills scimitar [Basic] club [Basic] sling [Basic] Spellcasting Skills Final Attributes: You were piously aligned. You were poison resistant. You were telepathic. You had infravision. You were somewhat stealthy. You are dead. Vanquished creatures: a large dog a gnome king a gold golem a housecat a dwarf lord 4 gnome lords 2 gnomish wizards 4 giant ants a floating eye 8 dwarves an iguana a monkey a gas spore 3 hobbits a hobgoblin a brown mold 23 gnomes 8 garter snakes 6 jackals 2 kobolds 4 newts 3 sewer rats 2 grid bugs 2 lichens 82 creatures vanquished. Voluntary challenges: You did not adorn yourself with jewelry or accessories. You did not cause conflict. You were not invisible. You did not have reflection. You were not displaced. You had been an atheist until turn 1804. You used a wielded weapon 112 times, starting on turn 149. You did not use containers. You did not apply a unicorn horn. You did not use plumbed fixtures. You did not drink any magical draughts. You were illiterate. You never genocided any monsters. You never polymorphed an object. You never changed form. You used no wishes. You never split a pudding. You never wrote Elbereth's name. You never violated your personal moral code. Dungeon overview: The Dungeons of Doom: levels 1 to 4 Level 1 (locked box) an altar to Anu a long staircase Level 2 (locked boxes) a general store, a fountain Level 3 (locked box) stairs to The Gnomish Mines Level 4 The Gnomish Mines: levels 4 to 6 Level 4 stairs to The Dungeons of Doom Level 5 (leprechaun) Level 6 <- You were here History has recorded: On T:1 you entered the Dungeons of Doom to retrieve the Amulet of Yendor! On T:57 you reached level 2 of The Dungeons of Doom. On T:406 you reached level 3 of The Dungeons of Doom. On T:593 you advanced to experience level 2. On T:878 you reached level 1 of The Gnomish Mines. On T:1063 you reached level 4 of The Dungeons of Doom. On T:1301 you advanced to experience level 3. On T:1308 you reached level 2 of The Gnomish Mines. On T:1398 you advanced to experience level 4. On T:1496 you advanced to experience level 5. On T:1581 you reached level 3 of The Gnomish Mines. On T:1804 you prayed to Anshar. On T:1913 you advanced to experience level 6. Score breakdown: Gold: 327 ( 32 points) Experience: 6 levels ( 500 points) Exploration: 6 levels ( 150 points) Discoveries: 19 items ( 950 points) Variety of kills: 24 monsters ( 1200 points) Major goal: (nothing yet) ( 0 points) Survival: died (score multiplied by 3) Total score: 8496 Latest messages: You kill the garter snake! A garter snake was hidden under a garter snake corpse! The garter snake bites! You hit the garter snake. The garter snake bites! You kill the garter snake! Wait! There's something there you can't see! A garter snake was hidden under a garter snake corpse! The garter snake bites! You kill the garter snake! Wait! There's something there you can't see! A garter snake was hidden under 2 garter snake corpses! The garter snake bites! You kill the garter snake! A garter snake was hidden under 3 garter snake corpses! The garter snake bites! You kill the garter snake! A garter snake was hidden under 3 garter snake corpses! The garter snake bites! You kill the garter snake! A garter snake was hidden under a yellow gem! The garter snake bites! You kill the garter snake! Z - a brown potion. There are a few more objects here. The garter snake bites! You die... Final status: Goodbye woodfighter the Cavewoman, killed by a garter snake... You died in The Gnomish Mines on dungeon level 6 with 8496 points, and 327 pieces of gold, after 2501 moves. You were level 6 with a maximum of 55 hit points when you died.